 Dungeon Crawl Stone Soup version 0.24.0-37-gcf1ca852f1 (webtiles) character file.

Game seed: 14921123929715160830, levelgen mode: deterministic

4530 Belius the Carver (level 10, -1/79 HPs)
             Began as a Formicid Abyssal Knight on Dec 5, 2019.
             Was an Elder of Lugonu.
             Slain by a troll (9 damage)
             ... on level 9 of the Dungeon.
             The game lasted 00:29:24 (13110 turns).

Belius the Carver (Formicid Abyssal Knight)        Turns: 13110, Time: 00:29:25

Health: -1/79      AC:  0    Str: 19    XL:     10   Next: 66%
Magic:  12/13      EV: 18    Int: 13    God:    Lugonu [****..]
Gold:   765        SH:  0    Dex: 15    Spells: 9/9 levels left

rFire    . . .     SeeInvis .   (weapon currently unavailable)
rCold    . . .     Gourm    .   (shield currently unavailable)
rNeg     . . .     Faith    .   (armour currently unavailable)
rPois    .         Spirit   .   (helmet unavailable)
rElec    .         Reflect  .   (cloak currently unavailable)
rCorr    .         Harm     .   (gloves currently unavailable)
MR       +....                  (boots currently unavailable)
Stlth    +++.......             (no amulet)
HPRegen  0.23/turn              (ring currently unavailable)
MPRegen  0.13/turn              (ring currently unavailable)

@: bat-form, flying, very quick
A: tiny, permanent stasis, dig shafts and tunnels, four strong arms
a: Depart the Abyss, Bend Space, Banish, Corrupt, Renounce Religion


You were on level 9 of the Dungeon.
You worshipped Lugonu.
Lugonu was greatly pleased with you.
You were not hungry.
You were in bat-form.
You visited 1 branch of the dungeon, and saw 9 of its levels.
You visited the Abyss 1 time.
You also visited: Ossuary.

You collected 765 gold pieces.

Inventory:

Hand Weapons
 a - a +1 falchion (melded)
Armour
 h - a +1 cloak
 q - a scarf of resistance (melded)
 C - a scarf of cloud immunity
 D - a +3 ring mail (melded)
Jewellery
 B - a ring of flight (melded)
Wands
 u - a wand of iceblast (3)
Scrolls
 f - a scroll of holy word {unknown}
 g - a scroll of enchant armour
 j - 2 scrolls of enchant weapon
 m - 4 scrolls of immolation
 p - a scroll of magic mapping {unknown}
 r - 2 scrolls of fear {unknown}
 s - 4 scrolls of amnesia
 A - a scroll of remove curse {unknown}
Potions
 b - a potion of lignification
 d - a potion of resistance
 e - a potion of mutation
 i - 2 potions of brilliance {unknown}
 k - 5 potions of curing
 l - a potion of cancellation
 n - a potion of heal wounds
 o - a potion of ambrosia {unknown}
 t - 2 potions of magic {unknown}
 w - a potion of haste {unknown}
 x - a potion of agility {unknown}
 z - a potion of flight
Comestibles
 c - 22 rations


   Skills:
 + Level 7.5 Fighting
 + Level 9.6 Long Blades
 + Level 8.4 Armour
 - Level 1.0 Dodging
 + Level 6.7 Stealth
 * Level 4.5 Invocations
 + Level 1.4 Evocations


You had 9 spell levels left.
You didn't know any spells.
Your spell library was empty.

Dungeon Overview and Level Annotations

Branches:
Dungeon (9/15)             Temple (0/1) D:4            Lair (0/6) D:9
    Orc (0/2) D:9         Ossuary (visited)

Altars:
Ashenzari
Elyvilon
Fedhas
Hepliaklqana
Makhleb
Qazlal
Sif Muna
Uskayaw
Vehumet
Wu Jian
Xom
Zin

Annotations:
D:7 exclusion: ice statue
D:8 Erica, Harold, Joseph


Innate Abilities, Weirdness & Mutations

You cannot be hasted, slowed, berserked, paralysed or teleported.
You can dig through walls and to a lower floor.
Your four strong arms can wield two-handed weapons with a shield.
((You have a pair of large antennae on your head. (SInv)))


Message History

You hit the centaur.
You kill the centaur!
Lugonu accepts your kill.
You hit the troll but do no damage. The troll barely misses you.
The troll claws you! The troll misses you.
You hit the troll.
The troll is lightly wounded.
The troll misses you. The troll closely misses you. The troll claws you!
You hit the troll but do no damage. You closely miss the troll.
The troll completely misses you. The troll barely misses you.
The troll completely misses you.
You hit the troll.
The troll is lightly wounded.
The troll misses you. The troll completely misses you. The troll claws you!
* * * LOW HITPOINT WARNING * * *
Okay, then.
Space bends around you!
You feel jittery for a moment. The troll bites you!
* * * LOW HITPOINT WARNING * * *
The troll claws you!
You die...

......#.T<....##.#
#.# ##.#
....###..#######.#
#.#######... ....
#..# ##(##
#........... .##.
#..######c..#
#########... #.
#...T....(..# ##.#
## #####(###...#
#.. ##.###### #..
##.#T## #..
o..###(#b# ###.(
....###### #....
o.... #.##( ..o...
#. #. ...... #. #(
c.....### #. #.
......'.# #.##.
......'.# ###...(
......#(####
#......


You could see a troll.

Vanquished Creatures
  A centaur warrior (D:9)
  2 polar bears (D:9)
  2 hippogriffs
  A spriggan (D:7)
  Menkaure (D:7)
  A black bear (D:6)
  3 ice beasts
  2 phantoms (D:7)
  2 ogres (D:4)
  4 centaurs
  Blork the orc (D:6)
  4 bullfrogs
  A water moccasin zombie (D:6)
  A hornet simulacrum (D:9)
  4 scorpions
  A crimson imp (D:9)
  2 centaur zombies
  6 hounds
  2 bullfrog skeletons
  A gnoll shaman (D:6)
  4 orc priests
  Terence (D:3)
  4 orc wizards
  2 worker ants
  A bullfrog simulacrum (D:9)
  A centaur simulacrum (D:9)
  A hound zombie (D:6)
  2 hound skeletons
  9 mummies
  A worker ant zombie (D:6)
  9 adders
  6 gnolls (D:6)
  2 shadow imps
  2 white imps (D:9)
  3 ufetubi (D:9)
  2 oozes
  An adder zombie (D:6)
  An adder skeleton (D:6)
  5 worms
  A dart slug (D:1)
  3 leopard geckos
  15 orcs
  10 bats
  8 giant cockroaches
  A gnoll zombie (Ossuary)
  4 goblins
  12 hobgoblins
  7 jackals
  3 quokkas
  2 ball pythons
  7 frilled lizards
  A goblin zombie (D:4)
  4 hobgoblin zombies
  5 kobolds
  A kobold zombie (Ossuary)
  3 orc zombies (Ossuary)
  A quokka zombie (D:8)
  6 rats
193 creatures vanquished.

Notes
Turn   | Place    | Note
-------+----------+-------------------------------------------
     0 | Abyss:1  | Belius the Formicid Abyssal Knight began the quest for the
                  | Orb.
     0 | Abyss:1  | Reached XP level 1. HP: 18/18 MP: 2/2
    73 | Abyss:1  | Noticed a small abomination
    91 | Abyss:1  | Found a corrupted altar of Lugonu.
    94 | Abyss:1  | Noticed a small abomination
   101 | D:1      | Escaped the Abyss
   164 | D:1      | Reached XP level 2. HP: 23/24 MP: 3/3
   370 | D:1      | Reached * piety under Lugonu
   438 | D:1      | Reached XP level 3. HP: 26/30 MP: 5/5
   975 | D:2      | Found a faded altar of an unknown god.
  1165 | D:2      | Reached skill level 1 in Dodging
  1206 | D:2      | Reached XP level 4. HP: 29/37 MP: 6/6
  1285 | D:2      | Found a radiant altar of Vehumet.
  1885 | D:2      | Reached skill level 3 in Long Blades
  2116 | D:2      | Reached XP level 5. HP: 8/42 MP: 7/7
  2134 | D:2      | HP: 3/63 [poisoned by an adder]
  2142 | D:2      | HP: 3/63 [poisoned by an adder]
  2523 | D:3      | Found a white marble altar of Elyvilon.
  2529 | D:3      | Reached ** piety under Lugonu
  2715 | D:3      | Noticed Terence
  2729 | D:3      | Killed Terence
  3288 | D:3      | Found a hazy altar of Hepliaklqana.
  3289 | D:3      | Found a shimmering altar of Xom.
  3289 | D:3      | Noticed a soldier ant
  3290 | D:3      | Noticed a spectral ugly thing
  3290 | D:3      | Noticed a soldier ant
  3343 | D:3      | Reached skill level 1 in Stealth
  3742 | D:3      | Reached skill level 4 in Long Blades
  3742 | D:3      | Reached XP level 6. HP: 28/49 MP: 8/8
  3993 | D:4      | Noticed an ogre
  4288 | D:4      | Found a sand-covered staircase.
  4296 | Ossuary  | Entered an ossuary
  5120 | Ossuary  | Reached XP level 7. HP: 19/55 MP: 9/9
  5515 | D:4      | Reached skill level 5 in Long Blades
  6085 | D:4      | Reached skill level 5 in Fighting
  6267 | D:4      | Reached *** piety under Lugonu
  6346 | D:4      | Found a staircase to the Ecumenical Temple.
  6853 | D:5      | Entered Level 5 of the Dungeon
  6853 | D:5      | Found a stormy altar of Qazlal.
  6874 | D:5      | Found a glowing silver altar of Zin.
  6891 | D:5      | Found a blossoming altar of Fedhas.
  6994 | D:5      | Reached XP level 8. HP: 43/62 MP: 10/10
  7005 | D:5      | Reached skill level 6 in Long Blades
  7105 | D:5      | Noticed a +0 hand axe
  7106 | D:5      | Noticed a +0 dagger
  7151 | D:5      | Reached skill level 5 in Armour
  7262 | D:5      | Found a hide-covered altar of Uskayaw.
  8120 | D:6      | Reached skill level 7 in Long Blades
  8553 | D:6      | Reached XP level 9. HP: 50/69 MP: 11/11
  8886 | D:6      | Noticed Blork the orc
  8894 | D:6      | Killed Blork the orc
  8899 | D:6      | Found a shimmering blue altar of Sif Muna.
  9322 | D:7      | Noticed Menkaure
  9324 | D:7      | Killed Menkaure
  9368 | D:7      | Reached skill level 8 in Long Blades
  9421 | D:7      | Reached **** piety under Lugonu
  9821 | D:7      | Reached skill level 5 in Stealth
 10090 | D:7      | Found an ornate altar of the Wu Jian Council.
 10313 | D:7      | Noticed an ice statue
 10342 | D:7      | Found a shattered altar of Ashenzari.
 10412 | D:8      | Noticed Erica
 10512 | D:8      | Noticed a hippogriff
 10525 | D:8      | Killed a hippogriff
 10525 | D:8      | Reached skill level 1 in Evocations
 10631 | D:8      | Noticed Harold
 10649 | D:8      | Noticed Joseph
 10695 | D:9      | Reached XP level 10. HP: 44/77 MP: 12/12
 10944 | D:9      | Found a staircase to the Lair.
 11111 | D:9      | Found a burning altar of Makhleb.
 11200 | D:9      | Reached skill level 9 in Long Blades
 12313 | D:9      | Found a shimmering blue altar of Sif Muna.
 12336 | D:9      | Found a staircase to the Orcish Mines.
 12357 | D:9      | Noticed a centaur warrior
 12396 | D:9      | Killed a centaur warrior
 13110 | D:9      | Slain by a troll

Levels and vault maps discovered:
D:1:      dpeg_arrival_rooms_b, layout_rooms, supply_closet_lemuel
D:2:      layout_basic, lemuel_crystal_altar, chequers_ecumenical_altar_island,
          kennysheep_cross_room, interstate_on_off, minmay_misc_feat_cross,
          serial_park_tiny_pond, minmay_pentomino_t4
D:3:      layout_loops_ring, regret_index_temple_of_mockery, elyvilon_altar_5,
          uniq_terence
D:4:      minmay_evil_eye, layout_layer_cave, minmay_temple_entry_mini_moons,
          nicolae_ossuary_entry_giza
D:5:      layout_rooms, overflow_temple_1_default, zin_statuary,
          dancing_weapons_uskayaw, old_standard_altar, first_ration,
          moated_statue, minmay_misc_feat_secret_circle
D:6:      layout_loops_cross, tgw_sif
D:7:      lemuel_ice_statue, layout_basic, marbit_many_paths,
          nicolae_overflow_hidden_temple, the_bakery, uniq_menkaure
D:8:      layout_rooms, okawaru_gym_becter, hangedman_ru_absence, uniq_joseph,
          uniq_harold, uniq_erica
D:9:      kennysheep_big_flooded_room, layout_loops_ring, old_standard_altar,
          nicolae_overflow_crystal_walls, dpeg_oklobed_lair, serial_ice,
          serial_ice_a, serial_ice_b, serial_ice_o, serial_ice_f

Skill      XL: |  1  2  3  4  5  6  7  8  9 10 |
---------------+-------------------------------+-----
Dodging        | 1 |  1.0
Fighting       | 4 5 6 7 |  7.5
Armour         | 3 4 6 7 8 |  8.4
Long Blades    | 3 4 5 7 8 9 |  9.6
Stealth        | 1 3 5 6 |  6.7
Evocations     | 1 |  1.4
Invocations    | 4 |  4.5

Action                   |  1- 3 |  4- 6 |  7- 9 | 10-12 || total
-------------------------+-------+-------+-------+-------++-------
Melee: Falchion          |    76 |   273 |   586 |   177 ||  1112
       Unarmed           |       |       |       |     8 ||     8
Invok: Depart the Abyss  |     1 |       |       |       ||     1
       Bend Space        |       |       |     3 |     1 ||     4
 Abil: Dig               |       |       |     4 |     2 ||     6
Evoke: Wand              |       |       |    14 |     4 ||    18
  Use: Scroll            |     4 |     2 |     4 |       ||    10
       Potion            |       |     2 |       |     7 ||     9
 Stab: Invisible         |       |       |       |     9 ||     9
  Eat: Chunk             |     1 |     9 |    13 |     2 ||    25
       Ration            |       |     1 |     2 |     2 ||     5
Armor: Leather armour    |    24 |    65 |       |       ||    89
       Skin              |       |    15 |       |    51 ||    66
       Chain mail        |       |    19 |     7 |       ||    26
       Plate armour      |       |       |   362 |    11 ||   373
       Ring mail         |       |       |       |    64 ||    64
Dodge: Dodged            |    46 |   130 |   170 |   112 ||   458
       Rpst.: Falchion   |    16 |    43 |    50 |    20 ||   129
